 Dungeon Crawl Stone Soup version 0.30-a0-779-g7971cf19c3 (webtiles) character file.

Game seed: 11710687790304814489

167 Pimp the Trooper (level 5, 0/57 HPs)
             Began as an Ogre Cinder Acolyte on Feb 17, 2023.
             Was a Priest of Ignis.
             Slain by a gnoll
             ... wielding a +0 flail
              (6 damage)
             ... on level 4 of the Dungeon.
             The game lasted 00:08:25 (3206 turns).

Pimp the Trooper (Ogre Cinder Acolyte)              Turns: 3206, Time: 00:08:26

Health: 0/57       AC:  3    Str: 18    XL:     5   Next: 48%
Magic:  6/6        EV:  8    Int: 15    God:    Ignis [***...]
Gold:   184        SH:  6    Dex:  6    Spells: 6/6 levels left

rFire   + . .      SeeInvis .    n - +0 war axe
rCold   . . .      Faith    .    i - +0 kite shield
rNeg    . . .      Spirit   .    b - +0 robe
rPois   .          Reflect  .    (helmet restricted)
rElec   .          Harm     .    (no cloak)
rCorr   .          Rampage  .    (gloves unavailable)
Will    .....                    (boots unavailable)
Stlth   +                        (no amulet)
HPRegen 0.29/turn                (no ring)
MPRegen 0.10/turn                (no ring)

@: brilliant
A: large, unfitting armour, tough skin 1
a: Renounce Religion, Fiery Armour, Foxfire Swarm, Rising Flame


You were on level 4 of the Dungeon.
You worshipped Ignis.
Ignis was most pleased with you.
You visited 1 branch of the dungeon, and saw 4 of its levels.

You collected 184 gold pieces.

Inventory:

Hand Weapons
 a - a -1 hand axe of flaming
 n - a +0 war axe (weapon)
Missiles
 e - 4 poisoned darts (quivered)
Armour
 b - a +0 robe (worn)
 i - a +0 kite shield (worn)
Jewellery
 o - a ring of protection from cold
Scrolls
 c - 3 scrolls of identify
 f - 2 scrolls of fog
 g - a scroll of fear {unknown}
 h - 2 scrolls of teleportation {unknown}
 k - a scroll of blinking
 m - 2 scrolls of immolation {unknown}
Potions
 d - a potion of curing {unknown}
 j - a potion of invisibility
 l - a potion of brilliance


   Skills:
 + Level 5.1 Fighting
 + Level 4.2 Axes
 + Level 1.7 Dodging
 + Level 0.5 Stealth
 + Level 1.0 Shields
 + Level 1.2 Spellcasting
 + Level 3.1 Fire Magic


You had 6 spell levels left.
You didn't know any spells.
Your spell library contained the following spells:

 Spells                   Type           Power      Damage    Failure   Level
 Scorch                   Fire           30%        2d7       26%         2
 Cigotuvi's Dreadful Rot  Necr/Pois/Air  2%         N/A       67%         2
 Poisonous Vapours        Pois/Air       2%         N/A       67%         2
 Mephitic Cloud           Conj/Pois/Air  1%         N/A       88%         3


Dungeon Overview and Level Annotations

Branches:
Dungeon (4/15)
 Temple: D:4-7

Altars:
Dithmenos

Shops:
D:3 (=

Annotations:
D:3 3 runed translucent doors, Newt's ghost, amateur KoHu


Innate Abilities, Weirdness & Mutations

You are too large for most types of armour.
You have tough skin. (AC +1)


Message History

You closely miss the gnoll. You hit the gnoll but do no damage.
The gnoll hits you with a +0 flail! You block the gnoll's attack.
The giant cockroach bites you but does no damage.
The gnoll closely misses you.
An endoplasm comes into view.
The gnoll hits you with a +4 whip.
You closely miss the gnoll. You barely miss the giant cockroach.
You slash the gnoll!
The giant cockroach bites you but does no damage.
You block the gnoll's attack.
An orc warrior comes into view. It is wielding a +0 war axe.
The gnoll barely misses you. The gnoll hits you with a +4 whip.
You block the giant cockroach's attack.
The orc warrior shouts!
You slash the gnoll!
The gnoll is severely wounded.
You hit the giant cockroach but do no damage.
You slash the gnoll!
You kill the gnoll!
You hear a shout! x2
The gnoll hits you from afar with a +0 spear.
The gnoll closely misses you.
The giant cockroach bites you but does no damage.
The gnoll hits you from afar with a +0 spear.
The gnoll hits you with a +0 flail.
A goblin comes into view. It is wielding a +0 club.
Your Shields skill increases to level 1!
You closely miss the gnoll.
The gnoll is severely wounded.
You barely miss the giant cockroach. The giant cockroach bites you.
The gnoll hits you with a +0 flail!
* * * LOW HITPOINT WARNING * * *
You block the giant cockroach's attack.
The gnoll hits you from afar with a +0 spear!
* * * LOW HITPOINT WARNING * * *
It was a potion of brilliance.
You feel clever all of a sudden.
The giant cockroach bites you but does no damage.
The gnoll barely misses you. The gnoll hits you with a +0 flail.
You die...

#. .#. #.#
.. #.# g.
#.. .##
#.###o.#..
##.#.gJ..
#..#)g#
#.B@#
#<###
#.....#
.........#
.###......
#..###..
##. ... #.
.... ..
.....


You could see an orc warrior, 2 gnolls, an endoplasm, a giant cockroach and a
goblin.

Vanquished Creatures
  An orc priest (D:3)
  5 gnolls
  2 adders
  3 worms
  A dart slug (D:3)
  6 orcs (D:3)
  4 bats
  4 endoplasms (D:2)
  A giant cockroach (D:2)
  3 goblins
  9 hobgoblins
  2 jackals (D:3)
  3 quokkas (D:2)
  2 ball pythons
  3 frilled lizards
  A kobold (D:1)
  3 rats
53 creatures vanquished.

Vanquished Creatures (others)
  44 foxfires (D:3)
44 creatures vanquished.

Grand Total: 97 creatures vanquished

Notes
Turn   | Place    | Note
-------+----------+-------------------------------------------
     0 | D:1      | Pimp the Ogre Cinder Acolyte began the quest for the Orb.
     0 | D:1      | Reached XP level 1. HP: 24/24 MP: 2/2
   352 | D:1      | Reached XP level 2. HP: 30/32 MP: 3/3
  1141 | D:2      | Reached XP level 3. HP: 37/40 MP: 4/4
  2263 | D:3      | Reached skill level 1 in Dodging
  2263 | D:3      | Reached XP level 4. HP: 9/49 MP: 5/5
  2265 | D:3      | Reached skill level 5 in Fighting
  2265 | D:3      | Reached XP level 5. HP: 11/57 MP: 6/6
  2427 | D:3      | Found Ipech's Weapon Boutique.
  2774 | D:3      | Found Qaoc's Jewellery Shoppe.
  2868 | D:3      | Found a shadowy altar of Dithmenos.
  2876 | D:3      | Noticed Newt's ghost (amateur KoHu)
  2877 | D:3      | Found a runed translucent gate.
  2889 | D:3      | Found a runed translucent gate.
  2890 | D:3      | Found a runed translucent gate.
  3203 | D:4      | Noticed an orc warrior
  3205 | D:4      | Reached skill level 1 in Shields
  3206 | D:4      | Slain by a gnoll

Illustrated notes

Levels and vault maps discovered:
D:1:      dpeg_arrival_chambers_temple_mockup, layout_loops_ring
D:2:      layout_basic, nicolae_wormholes
D:3:      layout_basic, grunt_dithmenos_smoke, serial_shops,
          nicolae_shop_competitors_out_of_business, shop,
          ebering_ghost_rock_garden
D:4:      layout_cave_pools, grunt_temple_overflow_forces_of_nature,
          minmay_temple_entry_ruins, minmay_starry_boxes

Skill      XL: |  1  2  3  4  5 |
---------------+----------------+-----
Fire Magic     | 3 |  3.1
Dodging        | 1 |  1.7
Fighting       | 5 |  5.1
Axes           | 4 |  4.2
Shields        | 1 |  1.0
Stealth        | |  0.5
Spellcasting   | |  1.2

Action                     |  1- 3 |  4- 6 || total
---------------------------+-------+-------++-------
  Melee: Hand axe          |   123 |    30 ||   153
         War axe           |       |    14 ||    14
 Invoke: Fiery Armour      |     2 |       ||     2
         Foxfire Swarm     |     1 |     2 ||     3
    Use: Potion            |     2 |     1 ||     3
         Scroll            |     2 |       ||     2
 Armour: Robe              |    46 |    28 ||    74
  Dodge: Dodged            |    64 |    30 ||    94
  Block: Kite shield       |    19 |    32 ||    51

Table legend: (Time is in decaauts)
 A = Elapsed time spent in this place.
 B = Non-inter-level travel time spent in this place.
 C = Inter-level travel time spent in this place.
 D = Time resting spent in this place.
 E = Time spent auto-exploring this place.
 F = Levels seen in this place.
 G = Mean time per level.
                   A        B        C        D        E       F      G
               +--------+--------+--------+--------+--------+-----+--------+
         Total |   3245 |   2923 |    322 |    308 |   2045 |   4 |  811.2 |
       Dungeon |   3245 |   2923 |    322 |    308 |   2045 |   4 |  811.2 |
               +--------+--------+--------+--------+--------+-----+--------+

Top non-repeatable levels by time:
     D:2: 1360 daAuts
     D:3: 1052 daAuts
     D:1: 821 daAuts
     D:4: 11 daAuts
